Map: King's Cove LE

Players

Bronzehero

  • Race: Terran Terran
  • League: Gold
  • Spawn Location: 11:00

WeAreLegion - Winner!

  • Race: Terran Terran
  • League: Silver
  • Spawn Location: 5:00

VOD

Have the link to the VOD?

Description

Time

  • Played on: Dec. 3, 2024, 10:17 p.m.
  • Length: 31:55
Show
View Real Time Build Order
Export as new Build Order

Bronzehero Terran 

Build Orders:  

Get SALT Encoding   

  12  0:01  SCV  
  13  0:13  SCV  
  14  0:21  Supply Depot  
  14  0:27  SCV  
  15  0:49  Barracks  
  15  0:50  SCV  
  15  0:51  Refinery  
  16  1:05  SCV  
  17  1:17  SCV  
  18  1:35  SCV  
  18  1:39  Command Center  
  19  1:43  Barracks Reactor  
  19  1:47  Supply Depot  
  19  2:10  Orbital Command  
  19  2:16  Factory  
  18  2:22  Marine  
  18  2:23  Marine  
  20  2:34  Barracks  
  20  2:42  Marine x2  
  20  2:43  SCV  
  23  2:53  SCV  
  24  2:59  SCV, Refinery  
  24  3:00  Factory Tech Lab  
  24  3:05  Marine  
  25  3:06  Marine  
  27  3:14  Orbital Command  
  27  3:17  SCV  
  28  3:25  Barracks Tech Lab  
  28  3:31  SCV  
  28  3:33  Starport  
  29  3:43  SCV, Engineering Bay  
  29  3:44  SCV  
  31  3:53  Siege Tank  
  31  3:55  SCV  
  35  3:56  SCV  
  36  4:10  SCV x2  
  36  4:11  Starport Reactor  
  38  4:22  SCV  
  38  4:23  Missile Turret  
  39  4:24  Stimpack  
  39  4:25  SCV, Marine  
  39  4:26  Marine x2  
  43  4:34  SCV, Barracks  
  43  4:37  SCV  
  45  4:42  Refinery  
  45  4:55  Marine  
  46  5:31  Refinery  
  46  5:33  Barracks Reactor  
  46  5:39  Missile Turret x2  
  46  5:40  Barracks  
  46  6:07  Siege Tank, Marine x2, SCV, Viking  
  54  6:12  Supply Depot  
  54  6:14  Supply Depot  
  54  6:33  Marine x5  
  54  6:34  SCV, Missile Turret, Viking  
  54  6:36  Barracks Reactor  
  54  6:37  Medivac  
  64  6:40  SCV, Command Center  
  64  6:42  Factory  
  64  6:46  SCV  
  66  6:51  Marine x4  
  70  7:00  Command Center  
  70  7:10  Missile Turret  
  70  7:11  Missile Turret  
  70  7:22  Supply Depot  
  70  7:24  Supply Depot  
  70  7:29  Factory Tech Lab  
  70  7:36  Missile Turret  
  70  7:43  SCV x2  
  72  7:49  Marine x4  
  72  7:51  Siege Tank  
  79  7:52  Medivac  
  79  7:56  SCV  
  79  7:57  Siege Tank  
  85  8:00  SCV  
  86  8:10  SCV  
  86  8:12  SCV  
  88  8:14  Planetary Fortress, Missile Turret  
  88  8:22  SCV  
  89  8:40  Supply Depot  
  89  8:41  Marine x4  
  89  8:42  Supply Depot, Marine x3  
  89  8:43  Siege Tank x2  
  102  8:59  Marine, Viking x2  
  102  9:00  SCV x2  
  109  9:05  Supply Depot  
  109  9:13  Marine x5  
  109  9:15  Siege Tank  
  117  9:34  Marine x7  
  117  9:35  Fusion Core  
  124  9:39  Starport  
  83  10:27  Marine x5  
  88  10:29  Siege Tank x2  
  88  10:35  Marine x2  
  96  10:37  SCV x2  
  96  10:38  SCV  
  99  10:50  SCV x2  
  99  10:51  SCV  
  102  11:00  Marine x2  
  102  11:01  Siege Tank, Marine x5  
  102  11:02  SCV, Viking  
  102  11:03  Viking  
  117  11:06  Starport Tech Lab  
  117  11:18  Marine  
  118  11:32  Liberator x2  
  113  11:44  Marine  
  113  11:45  SCV x2  
  113  11:46  SCV  
  117  11:50  Refinery  
  117  11:51  Refinery  
  117  11:57  SCV, Barracks  
  117  11:58  SCV  
  117  11:59  SCV  
  117  12:00  Marine x4  
  117  12:01  Barracks  
  124  12:02  Marine  
  124  12:03  Bunker  
  125  12:08  Bunker  
  125  12:09  Bunker  
  125  12:58  Barracks Reactor x2  
  125  13:11  Command Center  
  125  13:12  Barracks  
  125  13:24  Siege Tank, Marine x3  
  125  13:25  SCV, Marine x2  
  125  13:26  Marine  
  125  13:27  Marine  
  125  13:28  Viking  
  122  13:42  Marine x3  
  125  14:01  Command Center  
  125  14:20  Marine x2, Battlecruiser  
  125  14:21  Supply Depot  
  125  14:22  Siege Tank x2, SCV x3, Marine x2, Weapon Refit, Viking x2  
  148  14:31  Marine x3  
  148  14:43  SCV, Marine x7  
  148  14:44  Supply Depot  
  156  14:53  Barracks Reactor  
  156  15:06  Siege Tank, Marine x5  
  164  15:08  Supply Depot  
  164  15:12  Siege Tank, Marine x6  
  164  15:24  Marine x3  
  164  15:25  Battlecruiser, Marine x2  
  173  15:30  Supply Depot, Marine x5, Liberator x2  
  173  15:31  Marine  
  185  15:38  Siege Tank  
  185  15:41  Marine x3  
  179  15:43  Marine x2  
  179  15:48  Marine x5  
  179  15:49  Marine  
  187  15:59  Marine  
  188  16:11  Marine x2  
  188  16:12  Marine x5  
  195  16:24  Viking x2  
  193  16:30  SCV x4, Siege Tank  
  193  16:31  Siege Tank  
  193  16:39  SCV  
  191  16:42  SCV x3  
  166  17:01  Marine x2  
  166  17:02  Marine x4  
  166  17:03  Siege Tank  
  171  17:14  Viking  
  171  17:15  Viking x2  
  164  17:21  Planetary Fortress  
  164  17:26  Refinery x2  
  161  17:41  Marine x3  
  161  17:42  Marine x6  
  156  17:44  Viking  
  156  17:45  Battlecruiser  
  164  17:52  Marine x2  
  166  17:59  Marine x5  
  166  18:00  Marine  
  166  18:01  SCV x3, Armory  
  166  18:02  Armory  
  175  18:11  Missile Turret  
  174  18:13  Missile Turret x2  
  164  18:26  Missile Turret  
  164  18:29  Missile Turret  
  164  18:30  Missile Turret  
  164  18:49  Battlecruiser  
  170  19:00  Command Center  
  170  19:06  Starport  
  170  19:08  Starport  
  122  19:57  Marine x6  
  122  19:58  Marine x3  
  122  19:59  Thor  
  137  20:14  Marine x2  
  137  20:15  Marine  
  137  20:18  Marine  
  137  20:19  Marine x3  
  138  20:22  SCV  
  138  20:26  SCV  
  97  20:49  Marine x3  
  90  20:50  Marine x2  
  90  20:53  Marine x5  
  97  21:11  Marine x2  
  92  21:18  Marine  
  92  21:19  Marine x5  
  98  21:25  Marine x2  
  98  21:26  Marine  
  98  21:29  SCV, Marine x2  
  104  21:39  Marine x2  
  104  21:42  Marine x2  
  94  22:02  Marine x2  
  94  22:04  Viking  
  91  22:17  Marine  
  91  22:18  Marine  
  91  22:19  SCV  
  77  22:54  Marine x4  
  77  22:55  Marine x2  
  73  23:13  Marine  
  73  23:19  Marine x3  
  71  23:31  Marine  
  71  23:32  Marine x3  
  70  23:42  Marine x3  
  70  23:43  Marine  
  71  23:55  Starport Tech Lab  
  59  24:18  Marine x3  
  62  24:31  Orbital Command  
  62  24:52  Marine x2  
  64  25:15  Medivac  
  64  25:19  SCV x2  
  64  25:20  SCV  
  75  25:50  Battlecruiser  
  75  26:03  Marine x3, Medivac x2  
  75  26:04  Marine x2  
  84  26:11  Siege Tank  
  84  26:12  SCV x2  
  84  26:17  Refinery  
  89  26:19  Refinery  
  89  26:36  Medivac  
  89  26:37  Marine x4  
  97  26:46  SCV x3  
  68  27:41  Marine x5  
  68  27:42  Thor  
  68  27:43  Siege Tank  
  76  27:53  Marine x3  
  76  27:54  Marine x2  
  76  27:56  SCV  
  57  28:15  Siege Tank  
  60  28:25  Siege Tank  
Show
View Real Time Build Order
Export as new Build Order

WeAreLegion Terran - Winner!

Build Orders: Reaper Expand 

Get SALT Encoding   

  12  0:00  SCV  
  13  0:12  SCV  
  14  0:20  Supply Depot  
  14  0:24  SCV  
  15  0:41  SCV  
  16  0:43  Barracks  
  16  0:50  Refinery  
  16  0:53  SCV  
  17  1:05  SCV  
  18  1:18  SCV  
  19  1:30  Orbital Command  
  19  1:36  Reaper  
  20  1:46  Command Center  
  20  1:56  Supply Depot  
  20  1:58  SCV  
  21  2:10  SCV  
  21  2:15  Marine  
  23  2:22  SCV, Factory  
  24  2:29  Refinery  
  24  2:34  SCV  
  24  2:36  Barracks Reactor  
  25  2:46  SCV  
  26  2:52  Supply Depot  
  26  2:58  SCV  
  27  3:08  Starport  
  27  3:10  SCV  
  29  3:14  Orbital Command  
  28  3:22  SCV  
  28  3:24  Marine x2, Widow Mine  
  33  3:35  SCV  
  34  3:44  Engineering Bay  
  34  3:45  SCV, Widow Mine  
  34  3:47  SCV  
  38  3:49  Supply Depot  
  38  3:57  SCV, Marine x2  
  38  3:59  SCV  
  42  4:06  Medivac  
  42  4:09  SCV, Factory Tech Lab  
  45  4:15  Marine x2  
  47  4:20  Barracks  
  47  4:22  Barracks  
  47  4:26  SCV x2  
  47  4:29  Siege Tank  
  52  4:33  Marine  
  52  4:37  Marine  
  52  4:38  SCV  
  55  4:40  Starport Tech Lab  
  55  4:50  SCV x2  
  55  4:51  Marine  
  58  4:54  Marine  
  58  4:58  Terran Infantry Weapons Level 1  
  59  5:01  Siege Tank  
  59  5:04  Refinery  
  62  5:09  SCV x2, Marine, Refinery  
  62  5:11  Supply Depot  
  62  5:12  Marine  
  66  5:17  Supply Depot  
  66  5:21  SCV x2  
  66  5:24  Marine  
  66  5:27  Barracks Tech Lab, Marine  
  70  5:33  Raven, Marine  
  70  5:34  SCV x2  
  76  5:45  Marine  
  77  5:51  Marine  
  77  5:58  Stimpack  
  77  6:10  Marine x4  
  81  6:13  Factory Reactor  
  74  6:27  Marine  
  74  6:28  Marine, Marauder x2  
  80  6:36  Combat Shield  
  80  6:45  Marine x2  
  82  6:50  Marauder x2  
  86  7:15  Factory Reactor  
  86  7:16  Marine x2  
  86  7:17  Supply Depot, Marauder  
  86  7:19  Supply Depot  
  86  7:20  Supply Depot  
  90  7:30  Marine  
  90  7:34  Raven, Marine  
  94  7:38  Marine  
  94  7:39  Marauder  
  94  7:41  Supply Depot  
  97  7:48  Marine  
  97  7:50  Supply Depot  
  98  7:51  Supply Depot  
  98  7:52  Marine  
  98  7:56  Marine  
  100  7:59  Terran Infantry Armor Level 1  
  100  8:00  Marauder  
  100  8:02  Command Center  
  102  8:10  Marine  
  102  8:12  Supply Depot  
  103  8:13  Supply Depot  
  103  8:21  Factory  
  103  8:22  Marine x2, Marauder  
  103  8:25  Widow Mine x2  
  111  8:28  Marine  
  111  8:32  Starport  
  112  8:34  Starport Reactor  
  112  8:38  Armory x2  
  112  8:40  Marine, Marauder  
  112  8:41  Engineering Bay  
  115  8:43  Marauder  
  115  8:45  Marine  
  115  8:46  Widow Mine x2  
  122  8:57  Marine  
  122  8:59  Supply Depot  
  122  9:00  Supply Depot x2  
  122  9:02  Marauder  
  125  9:03  Marine  
  125  9:05  Marauder  
  125  9:07  Widow Mine  
  130  9:15  Marine  
  131  9:23  Marauder  
  133  9:26  Marauder  
  132  9:45  Marauder  
  129  9:47  Marauder  
  108  10:30  Marine  
  108  10:31  Marine x2  
  111  10:46  Widow Mine x2  
  111  10:48  Marine x2  
  117  11:07  Widow Mine  
  117  11:08  Widow Mine  
  117  11:10  Terran Infantry Weapons Level 2  
  121  11:11  Terran Infantry Armor Level 2  
  121  11:13  Terran Vehicle Weapons Level 1  
  121  11:15  Marine x4  
  111  11:32  Marine  
  111  11:33  Marine x2, Marauder  
  114  11:47  Viking x3  
  114  11:50  Marine x3  
  123  11:55  Marauder  
  125  12:08  Marine  
  126  12:15  Refinery  
  126  12:16  Refinery, Marauder  
  126  12:17  Viking x3  
  126  12:19  Command Center  
  134  12:30  Orbital Command  
  134  12:32  Barracks  
  134  12:33  Barracks  
  134  12:34  Barracks  
  134  12:36  Marine x2  
  137  12:37  Marine  
  137  12:38  Barracks Tech Lab  
  137  12:46  Ghost Academy  
  137  12:47  Viking  
  137  12:49  Siege Tank  
  142  12:53  Marine  
  142  12:54  Marine  
  142  12:55  Marauder  
  146  13:10  Interference Matrix  
  146  13:11  Marine  
  147  13:17  Marauder  
  149  13:21  Siege Tank  
  142  13:38  Marine x3, Marauder  
  142  13:40  Viking  
  142  13:41  Viking x2  
  153  13:53  Siege Tank  
  156  13:56  Marine x3  
  156  13:59  Marauder  
  159  14:14  Raven, Marine  
  159  14:15  Marauder  
  161  14:21  Marauder  
  160  14:25  SCV x2  
  162  14:35  Barracks Reactor  
  162  14:36  Barracks Tech Lab, Marauder  
  162  14:37  SCV x2, Barracks Reactor  
  166  14:41  Orbital Command  
  166  14:42  Marauder  
  168  14:48  Raven  
  168  14:50  SCV x2  
  168  14:51  Command Center  
  172  14:57  Marine x3  
  175  15:02  SCV x2, Command Center  
  175  15:03  Marine  
  178  15:14  Ghost  
  178  15:21  Ghost  
  172  15:53  Marine x3  
  172  15:54  Marine  
  167  16:11  Marine x2  
  167  16:12  Marauder x2  
  173  16:29  Marine x2  
  169  16:33  Marine x2  
  165  16:47  Marine  
  165  16:51  Marauder x2  
  135  17:24  Marine x4  
  139  17:42  Marine  
  139  17:43  Marauder x2  
  144  17:45  SCV x3  
  144  17:47  Marine  
  148  17:57  SCV x3  
  151  17:59  Marine  
  151  18:01  Fusion Core  
  151  18:03  Marine  
  151  18:04  Marauder  
  151  18:05  Marine  
  155  18:09  SCV x2  
  155  18:11  Orbital Command  
  156  18:17  Marine  
  156  18:22  Marauder  
  156  18:25  SCV x3, Marauder  
  163  18:37  SCV x2  
  163  18:38  SCV x2  
  167  18:42  Marine x2  
  167  18:43  Marauder  
  167  18:47  Marauder  
  173  18:49  SCV  
  173  18:50  SCV x3  
  177  19:00  Marine  
  177  19:02  SCV x4  
  142  19:37  Marine x2  
  142  19:38  Marine x2  
  146  19:39  Siege Tank  
  144  19:56  Planetary Fortress  
  143  20:00  Marine x2  
  143  20:01  Marauder x2  
  143  20:03  Viking  
  150  20:11  Siege Tank  
  149  20:18  Marine  
  150  20:21  Ghost x2  
  94  20:44  Siege Tank  
  94  20:47  Marine x2  
  90  20:50  Marine x2  
  92  20:57  Medivac  
  94  21:05  Marine x2  
  94  21:08  Marine x2  
  98  21:16  Siege Tank  
  102  21:23  SCV, Marine x2  
  104  21:26  Marauder x2  
  104  21:27  Refinery  
  104  21:30  Refinery  
  108  21:34  SCV x2  
  108  21:35  SCV  
  111  21:41  Marine x2  
  111  21:46  SCV  
  111  21:47  SCV x2, Marauder  
  115  21:48  Siege Tank, Marauder  
  121  21:58  SCV  
  121  21:59  SCV x2, Marine x2  
  119  22:08  Marine  
  119  22:09  Marauder  
  119  22:11  SCV  
  122  22:16  Marine  
  113  22:27  Marauder  
  115  22:30  Marauder  
  115  22:32  Marine  
  115  22:33  Siege Tank  
  115  22:34  Marine  
  122  22:47  SCV x3  
  122  22:48  Marauder  
  122  22:49  Marine  
  128  22:51  Marine  
  128  22:52  Marine  
  130  22:59  SCV x3  
  129  23:06  Siege Tank  
  129  23:07  Marine  
  129  23:09  Marauder  
  129  23:10  Marine, Marauder  
  129  23:31  Marauder x2  
  115  23:38  Siege Tank  
  96  23:45  Marine x2  
  95  23:48  Viking  
  95  23:52  Marine x2  
  95  23:53  SCV  
  100  24:03  Marine x2  
  100  24:05  SCV  
  97  24:10  Siege Tank, Marauder x2  
  101  24:17  SCV  
  101  24:23  Refinery  
  100  24:24  Refinery  
  100  24:29  SCV  
  101  24:31  Marauder  
  101  24:32  Marauder  
  105  24:41  SCV  
  105  24:42  Siege Tank  
  109  24:53  Marauder  
  109  24:56  Marine x2  
  113  25:14  Siege Tank, Marine x2  
  113  25:16  Terran Infantry Weapons Level 3  
  113  25:19  Terran Vehicle Weapons Level 2, Command Center  
  118  25:23  Terran Vehicle And Ship Armor Level 1  
  118  25:24  Terran Infantry Armor Level 3  
  118  25:32  Marine x2  
  120  25:46  Siege Tank  
  123  25:55  Marine x6  
  123  25:56  Ghost, Marauder x2  
  136  25:58  Widow Mine x2  
  140  26:16  Ghost x2  
  148  26:18  Widow Mine  
  148  26:20  Widow Mine  
  148  26:24  SCV x3  
  153  26:27  Marine x6  
  153  26:28  Marauder  
  153  26:29  Viking x2  
  166  26:36  SCV x3  
  167  26:40  Battlecruiser  
  167  26:46  Marauder x2  
  177  26:49  Marauder  
  178  26:59  Viking x2  
  151  27:40  Marine x3  
  151  27:41  Marine x3, Marauder x2  
  151  27:42  Marauder  
  161  27:44  Battlecruiser  
  167  27:58  Marine x3  
  167  28:03  Marauder x3  
  172  28:24  Marauder x3  
  175  28:47  Marine x6  
  175  28:48  Battlecruiser, Marauder x3  
  187  28:49  Medivac x2  
  193  29:09  Marauder  
  186  29:19  Medivac x2  
  168  30:15  Command Center  
  167  30:25  Marine x4  
  167  30:26  Marine x2, Marauder x2  
  167  30:27  Marauder, Viking  
  167  30:28  Viking x2  
  183  30:43  Marine x3  
  183  30:48  Marauder x3  
  174  30:57  Viking  
  179  31:10  Marine x5  
  179  31:11  Marauder x3  
  190  31:12  Siege Tank  
Tags
 
Matchup
TvT
Race
Terran
Replay Pack
December
Spawn Locations
Cross Positions
Add a new tag
Caveats
  • Supply blocks, unpowered buildings, or Contaminate may cause inaccurate times.
  • Supply counts are checked every 10 seconds.